 Dungeon Crawl Stone Soup version 0.24.1 (webtiles) character file.

Game seed: 9894737673479450091, levelgen mode: deterministic

30 Descartes the Gusty (level 3, -4/19 HPs)
             Began as a Deep Elf Air Elementalist on Apr 1, 2020.
             Slain by a phantom (6 damage)
             ... on level 2 of the Dungeon.
             The game lasted 00:03:58 (1357 turns).

Descartes the Gusty (Deep Elf Air Elementalist)     Turns: 1357, Time: 00:03:58

Health: -4/19      AC:  2    Str:  6    XL:     3   Next: 5%
Magic:  4/9        EV: 14    Int: 19    God:
Gold:   41         SH:  0    Dex: 15    Spells: 7/8 levels left

rFire    . . .     SeeInvis .   d - +0 dagger
rCold    . . .     Gourm    .   (no shield)
rNeg     . . .     Faith    .   a - +0 robe
rPois    .         Spirit   .   (no helmet)
rElec    .         Reflect  .   (no cloak)
rCorr    .         Harm     .   (no gloves)
MR       .....                  (no boots)
Stlth    ++........             (no amulet)
HPRegen  0.06/turn              h - +1 ring of evasion
MPRegen  0.11/turn              (no ring)

@: no status effects
A: no striking features
a: no special abilities


You were on level 2 of the Dungeon.
You were not hungry.

You visited 1 branch of the dungeon, and saw 2 of its levels.

You collected 41 gold pieces.

Inventory:

Hand Weapons
 d - a +0 dagger (weapon)
Missiles
 j - 33 stones (quivered)
Armour
 a - a +0 robe (worn)
 k - a +0 leather armour
Jewellery
 h - a +1 ring of evasion (left hand)
Scrolls
 e - a scroll of amnesia {unknown}
 f - a scroll of remove curse {unknown}
 i - a scroll of identify {unknown}
Potions
 g - a potion of cancellation {unknown}
 l - a potion of heal wounds {unknown}
 m - a potion of haste {unknown}
Comestibles
 b - 6 chunks of flesh
 c - 4 rations


   Skills:
 + Level 0.0 Armour
 + Level 2.7 Dodging
 + Level 2.7 Stealth
 + Level 3.2 Spellcasting
 * Level 2.0 Conjurations
 * Level 3.4 Air Magic


You had 7 spell levels left.
You knew the following spells:

 Your Spells              Type           Power        Failure   Level  Hunger
a - Shock                 Conj/Air       ##..         4%          1    None

Your spell library contained the following spells:

 Spells                   Type           Power        Failure   Level  Hunger
 Swiftness                Chrm/Air       #.......     11%         2    ##.....
 Static Discharge         Conj/Air       ##......     14%         3    ###....
 Airstrike                Air            ###.......   34%         4    ####...
 Lightning Bolt           Conj/Air       ##........   80%         5    ######.


Dungeon Overview and Level Annotations

Branches:
Dungeon (2/15)

Altars:


Message History

Press: ? - help, Shift-Dir - straight line, f/p - phantom
Aim: a phantom (heavily damaged)
The zap misses the phantom.
The phantom hits you.
You hit the phantom.
The phantom is heavily damaged.
The phantom hits you.
You hit the phantom but do no damage.
The phantom is heavily damaged.
The phantom hits you but does no damage.
Some of the chunks of flesh in your inventory have rotted away.
You barely miss the phantom.
The phantom is heavily damaged.
The phantom misses you.
You hit the phantom but do no damage.
The phantom is heavily damaged.
The phantom hits you.
* * * LOW HITPOINT WARNING * * *
The phantom barely misses you. The phantom hits you.
You die...

#...# #.# #...#
...# #...#### #..#
#......########..#
#................#
#######..........#
###........#
##.......#
##...[.@# #.....W#
##.....#
#........#
#.....##.# #####.#
# #.# #.# #.#


You could see a phantom.

Vanquished Creatures
  A dart slug (D:1)
  2 leopard geckos (D:1)
  4 giant cockroaches
  2 hobgoblins (D:1)
  4 jackals (D:2)
  A kobold (D:1)
  4 bats (D:1)
  A frilled lizard (D:2)
  2 goblins (D:1)
  2 rats (D:1)
23 creatures vanquished.

Notes
Turn   | Place    | Note
-------+----------+-------------------------------------------
     0 | D:1      | Descartes the Deep Elf Air Elementalist began the quest for
                  | the Orb.
     0 | D:1      | Reached XP level 1. HP: 10/10 MP: 6/6
   447 | D:1      | Reached XP level 2. HP: 15/15 MP: 6/8
  1179 | D:2      | Reached XP level 3. HP: 12/19 MP: 3/9
  1345 | D:2      | Noticed a phantom
  1357 | D:2      | Slain by a phantom

Levels and vault maps discovered:
D:1:      psy_arrival_basics, layout_basic, minmay_liquid_box, minivault_26
D:2:      lemuel_upstairs_altar, layout_basic, gammafunk_temple_of_torment,
          chequers_ecumenical_altar_simple, kennysheep_potato

Skill      XL: |  1  2 |
---------------+-------+-----
Conjurations   | 2 |  2.0
Dodging        | |  2.7
Stealth        | |  2.7
Spellcasting   | |  3.2
Air Magic      | |  3.4

Action                   || total
-------------------------++-------
Melee: Dagger            ||     4
 Cast: Shock             ||    56
  Eat: Chunk             ||     1
Armor: Robe              ||    12
Dodge: Dodged            ||    29
